 Dungeon Crawl Stone Soup version 0.21.1-1-g345015f (webtiles) character file.

24530 troglodite the Protected (level 12, 0/172 HPs)
             Began as a Minotaur Berserker on Feb 19, 2018.
             Was a High Priest of Trog.
             Slain by a rust devil (9 damage)
             ... summoned by an orc high priest
             ... on level 2 of the Orcish Mines.
             The game lasted 00:36:43 (12514 turns).

troglodite the Protected (Minotaur Berserker)      Turns: 12514, Time: 00:36:44

Health: 0/172      AC:  2    Str: 35    XL:     12   Next: 81%
Magic:  11/11      EV: 13    Int:  4    God:    Trog [*****.]
Gold:   1641       SH:  0    Dex: 12    Spells: 11/11 levels left

rFire    + . .     SeeInvis .   F - +7 mace "Itaasch" {vamp, Str+5}
rCold    . . .     Gourm    .   (no shield)
rNeg     . . .     Faith    .   j - +2 plate armour {MR+}
rPois    .         Spirit   .   (helmet restricted)
rElec    .         Reflect  .   E - +2 cloak
rCorr    .         Harm     .   (no gloves)
MR       ++...                  (no boots)
Stlth    ..........             n - amulet of regeneration
HPRegen  0.78/turn              k - ring of protection from magic
MPRegen  0.12/turn              K - ring of protection from fire

@: berserking (expiring), corroded, very quick
A: retaliatory headbutt, horns 2
a: Berserk, Trog's Hand, Brothers in Arms, Burn Spellbooks, Renounce Religion


You were on level 2 of the Orcish Mines.
You worshipped Trog.
Trog was extremely pleased with you.
You were not hungry.

You visited 2 branches of the dungeon, and saw 14 of its levels.

You collected 1641 gold pieces.

Inventory:

Hand Weapons
 a - a +0 falchion
 h - a +2 great mace of protection
 F - the +7 mace "Itaasch" (weapon) {vamp, Str+5}
   (You found it on level 7 of the Dungeon)

   It inflicts no extra harm, but heals its wielder when it wounds a living foe.
   It affects your strength (+5).
Armour
 j - a +2 plate armour of magic resistance (worn)
 E - a +2 cloak (worn)
Jewellery
 k - a ring of protection from magic (left hand)
 n - an amulet of regeneration (around neck)
 B - an uncursed ring of fire
 J - a +2 ring of strength
 K - a ring of protection from fire (right hand)
Wands
 p - a wand of iceblast (34)
 t - a wand of enslavement (4)
Scrolls
 e - 3 scrolls of blinking
 g - a scroll of magic mapping {unknown}
 i - 5 scrolls of fear
 q - 6 scrolls of teleportation
 u - 4 scrolls of remove curse
 z - 2 scrolls of identify
 D - 2 scrolls of enchant weapon
 I - 2 scrolls of summoning
Potions
 b - 5 potions of heal wounds
 f - 3 potions of flight
 l - 2 potions of curing
 o - 2 potions of haste
 r - 2 potions of mutation
 v - a potion of brilliance
 w - 3 potions of lignification
 x - 3 potions of might
 C - a potion of cancellation
 G - a potion of agility
 H - a potion of magic
Comestibles
 c - 10 rations
 d - 7 chunks of flesh


   Skills:
 * Level 13.0 Fighting
 + Level 5.0 Long Blades
 + Level 12.7 Maces & Flails
 * Level 14.7 Armour
 * Level 9.4 Dodging
 + Level 0.7 Stealth
 + Level 1.4 Unarmed Combat


You had 11 spell levels left.
You didn't know any spells.

Dungeon Overview and Level Annotations

Branches:
Dungeon (12/15)            Temple (0/1) D:6            Lair (0/6) D:9
    Orc (2/2) D:12            Elf (0/3) Orc:2

Altars:
Cheibriados
Trog

Shops:
D:9 [   D:12 [:([:=   Orc:2 :


Innate Abilities, Weirdness & Mutations

You reflexively headbutt those who attack you in melee.
You have a pair of horns on your head.


Message History

You resist.
Unknown command.
You barely miss the orc high priest.
The orc high priest is moderately wounded.
The orc priest calls upon Beogh to heal the orc high priest.
The orc high priest is healed somewhat.
The rust devil hits you. The rust devil corrodes you!
Unknown command.
You sock the orc high priest!
You feel better.
Your headbutt misses the orc high priest.
The orc high priest is moderately wounded.
The orc high priest hits you with a flail!
The warg bites you. The sun demon hits you!!
* * * LOW HITPOINT WARNING * * *
You are engulfed in flames!
You resist.
* * * LOW HITPOINT WARNING * * *
The warg bites you!
* * * LOW HITPOINT WARNING * * *
The rust devil hits you!
You die...

###.#####......#
.#...#.#.._....#
....#...........
................
................
##o...............
#o33..............
##.h##.#....#......
#.@4###......#.....
#...####.##..##....
##.#.#.##.#........
#..........#.......
##........###......
#.................
##.............[[..
#...............[..
##........#........


You could see an orc high priest, 2 sun demons, a rust devil, a warg and an orc
priest.

Vanquished Creatures
  Kirke (D:12)
  Snorg (D:10)
  Harold (Orc:1)
  7 two-headed ogres
  An orc high priest (Orc:2)
  2 unseen horrors
  2 orc knights (Orc:1)
  An orc sorcerer (Orc:2)
  The ghost of troglodite the Charmwright, a novice DrSk (D:4)
  7 trolls
  2 hippogriffs
  The ghost of Mirai the Conjurer, an amateur DECj (D:5)
  A shadow (D:12)
  A wraith (D:10)
  7 yaks
  2 hungry ghosts
  3 hogs (D:12)
  2 vampire mosquitoes (D:12)
  9 wargs (Orc:2)
  A water moccasin (D:9)
  19 orc warriors
  2 sky beasts
  3 ice beasts
  An eye of draining (D:9)
  6 centaurs
  6 ogres
  3 phantoms
  2 big kobolds
  Blork the orc (D:4)
  A gnoll sergeant (D:12)
  10 bullfrogs
  A wyvern zombie (D:9)
  A water moccasin zombie (D:5)
  A wyvern skeleton (D:6)
  3 scorpions
  11 killer bees
  5 howler monkeys
  5 crimson imps
  3 centaur zombies
  A quasit (D:12)
  A bullfrog zombie (D:10)
  6 hounds
  3 bullfrog skeletons
  8 orc priests
  7 jellies
  2 centaur skeletons
  Crazy Yiuf (D:7)
  Ijyb (D:3)
  3 iguanas
  Terence (D:2)
  24 orc wizards
  10 worker ants
  A killer bee zombie (D:7)
  3 hound zombies
  Robin (D:4)
  16 gnolls
  A howler monkey skeleton (D:10)
  19 adders
  6 shadow imps
  2 worms
  3 dart slugs
  4 leopard geckos
  75 orcs
  3 giant cockroaches
  12 goblins
  11 hobgoblins
  16 jackals
  3 quokkas
  2 ball pythons
  9 bats
  3 frilled lizards
  A jackal skeleton (D:4)
  17 kobolds
  A quokka zombie (D:5)
  5 rats
419 creatures vanquished.

Vanquished Creatures (collateral kills)
  3 orc warriors (Orc:2)
  An orc (Orc:2)
  A kobold (D:12)
5 creatures vanquished.

Grand Total: 424 creatures vanquished

Notes
Turn   | Place    | Note
-------+----------+-------------------------------------------
     0 | D:1      | troglodite the Minotaur Berserker began the quest for the Orb.
     0 | D:1      | Reached XP level 1. HP: 19/19 MP: 0/0
    91 | D:1      | Reached XP level 2. HP: 26/27 MP: 1/1
   672 | D:1      | Reached XP level 3. HP: 34/34 MP: 2/2
  1014 | D:2      | Noticed Terence
  1021 | D:2      | Killed Terence
  1050 | D:2      | Reached XP level 4. HP: 41/41 MP: 3/3
  1090 | D:2      | Reached ** piety under Trog
  1221 | D:2      | Reached skill level 3 in Armour
  1756 | D:3      | Reached skill level 1 in Maces & Flails
  1756 | D:3      | Reached XP level 5. HP: 46/47 MP: 4/4
  1771 | D:3      | Noticed Ijyb
  1777 | D:3      | Killed Ijyb
  1777 | D:3      | Reached skill level 5 in Fighting
  1981 | D:3      | Reached skill level 5 in Long Blades
  2298 | D:3      | Reached *** piety under Trog
  2477 | D:4      | Noticed troglodite's ghost (novice DrSk)
  2492 | D:4      | Killed troglodite's ghost
  2492 | D:4      | Reached skill level 5 in Armour
  2492 | D:4      | Reached XP level 6. HP: 45/57 MP: 5/5
  2492 | D:4      | Reached XP level 7. HP: 49/62 MP: 6/6
  2580 | D:4      | Noticed Robin
  2592 | D:4      | Killed Robin
  2718 | D:4      | Noticed Blork the orc
  2734 | D:4      | Killed Blork the orc
  2819 | D:4      | Reached skill level 6 in Armour
  3367 | D:5      | Entered Level 5 of the Dungeon
  3423 | D:5      | Reached XP level 8. HP: 69/71 MP: 7/7
  3434 | D:5      | Reached **** piety under Trog
  3435 | D:5      | Reached skill level 5 in Maces & Flails
  3566 | D:5      | Reached skill level 7 in Armour
  3686 | D:5      | Noticed Mirai's ghost (amateur DECj)
  3700 | D:5      | Killed Mirai's ghost
  3700 | D:5      | Reached skill level 8 in Armour
  4397 | D:6      | Found a snail-covered altar of Cheibriados.
  4413 | D:6      | Reached skill level 5 in Dodging
  4656 | D:6      | Reached XP level 9. HP: 74/80 MP: 8/8
  4797 | D:6      | Found a staircase to the Ecumenical Temple.
  5132 | D:7      | Reached skill level 9 in Armour
  5267 | D:7      | Reached ***** piety under Trog
  5788 | D:7      | Found a runed door.
  5792 | D:7      | Noticed Crazy Yiuf
  5796 | D:7      | Killed Crazy Yiuf
  5809 | D:7      | Got an ancient mace
  5813 | D:7      | Identified the +7 mace "Itaasch" {vamp, Str+5} (You found it on level 7 of the Dungeon)
  6473 | D:9      | Found a staircase to the Lair.
  6544 | D:9      | Noticed a troll
  6554 | D:9      | Killed a troll
  6621 | D:9      | Reached skill level 10 in Armour
  6621 | D:9      | Reached XP level 10. HP: 86/91 MP: 9/9
  6668 | D:9      | Noticed a two-headed ogre
  6680 | D:9      | Killed a two-headed ogre
  6739 | D:9      | Found Xod Valibrit's Antique Armour Emporium.
  6812 | D:9      | Noticed a two-headed ogre
  6828 | D:9      | Killed a two-headed ogre
  6828 | D:9      | Reached skill level 10 in Fighting
  7068 | D:9      | Received a gift from Trog
  7074 | D:9      | Noticed a two-headed ogre
  7080 | D:9      | Killed a two-headed ogre
  7080 | D:9      | Reached skill level 11 in Armour
  7479 | D:10     | Entered Level 10 of the Dungeon
  7492 | D:10     | Reached skill level 10 in Maces & Flails
  7561 | D:10     | Killed an unseen horror
  7561 | D:10     | Reached XP level 11. HP: 95/101 MP: 10/10
  7581 | D:10     | Noticed Snorg
  7591 | D:10     | Killed Snorg
  7966 | D:10     | Noticed a two-headed ogre
  7980 | D:10     | Killed a two-headed ogre
  7980 | D:10     | Reached skill level 12 in Armour
  8455 | D:11     | Noticed a two-headed ogre
  8470 | D:11     | Killed a two-headed ogre
  8702 | D:11     | Killed an unseen horror
  8702 | D:11     | Received a gift from Trog
  9622 | D:12     | Found Awipt's Book Shop.
  9702 | D:12     | Reached skill level 13 in Armour
  9704 | D:12     | Noticed Kirke
  9726 | D:12     | Killed Kirke
  9726 | D:12     | Reached XP level 12. HP: 78/112 MP: 11/11
  9931 | D:12     | Noticed a two-headed ogre
  9941 | D:12     | Killed a two-headed ogre
  9941 | D:12     | Reached skill level 1 in Unarmed Combat
  9957 | D:12     | Noticed a two-headed ogre
  9964 | D:12     | Killed a two-headed ogre
 10178 | D:12     | Found Vairug's Weapon Shoppe.
 10181 | D:12     | Found a staircase to the Orcish Mines.
 10183 | D:12     | Found Xirouwn's Armour Shoppe.
 10261 | D:12     | Received a gift from Trog
 10325 | D:12     | Found Nysm's Jewellery Emporium.
 10458 | D:12     | Found Aclack's Antique Armour Boutique.
 10671 | D:12     | Found Malyac's Book Shoppe.
 10842 | Orc:1    | Entered Level 1 of the Orcish Mines
 11009 | Orc:1    | Reached skill level 14 in Armour
 11393 | Orc:2    | Entered Level 2 of the Orcish Mines
 11407 | Orc:2    | Noticed an orc high priest
 11423 | Orc:2    | Killed an orc high priest
 11481 | Orc:2    | Found Beto's Book Boutique.
 11628 | Orc:2    | Found a staircase to the Elven Halls.
 11844 | Orc:2    | Received a gift from Trog
 11877 | Orc:2    | Found a bloodstained altar of Trog.
 11903 | Orc:2    | Noticed an orc high priest
 12071 | Orc:1    | Noticed Harold
 12088 | Orc:1    | Killed Harold
 12514 | Orc:2    | Slain by a rust devil

Skill      XL: |  1  2  3  4  5  6  7  8  9 10 11 12 |
---------------+-------------------------------------+-----
Long Blades    | 4 5 |  5.0
Fighting       | 4 5 6 7 9 10 11 13 | 13.0
Armour         | 3 5 6 8 10 11 13 14 | 14.7
Maces & Flails | 1 3 4 6 8 10 11 12 | 12.7
Dodging        | 3 4 5 6 7 8 9 |  9.4
Unarmed Combat | 1 |  1.4
Stealth        | |  0.7

Action                   |  1- 3 |  4- 6 |  7- 9 | 10-12 || total
-------------------------+-------+-------+-------+-------++-------
Melee: Falchion          |    65 |       |       |       ||    65
       Headbutt          |    18 |    19 |    70 |   146 ||   253
       Mace              |     2 |    97 |    93 |   624 ||   816
       Whip              |       |       |   212 |       ||   212
       Unarmed           |       |       |       |    16 ||    16
       Punch             |       |       |       |     6 ||     6
Invok: Berserk           |     1 |     2 |     6 |    10 ||    19
       Brothers in Arms  |       |       |       |     2 ||     2
       Burn Spellbooks   |       |       |       |     1 ||     1
       Trog's Hand       |       |       |       |     1 ||     1
  Use: Scroll            |       |       |       |    23 ||    23
  Eat: Chunk             |       |     7 |    18 |    20 ||    45
       Ration            |       |       |     2 |     6 ||     8
Armor: Scale mail        |    24 |    50 |    94 |       ||   168
       Animal skin       |     2 |       |       |       ||     2
       Chain mail        |       |       |     7 |   360 ||   367
       Plate armour      |       |       |       |    26 ||    26
Dodge: Dodged            |    38 |    57 |   184 |   483 ||   762
       Rpst.: Falchion   |     7 |       |       |       ||     7
